 Dungeon Crawl Stone Soup version 0.27.1 (webtiles) character file.

Game seed: 385217544451762216

1094 Malachi the Changer (level 8, 0/64 HPs)
             Began as a Naga Transmuter on Aug 29, 2021.
             Slain by a phantom (2 damage)
             ... on level 4 of the Dungeon.
             The game lasted 00:14:25 (7823 turns).

Malachi the Changer (Naga Transmuter)               Turns: 7823, Time: 00:14:26

Health: 0/64       AC:  4    Str: 12    XL:     8   Next: 31%
Magic:  2/11       EV: 10    Int: 21    God:
Gold:   165        SH:  4    Dex: 13    Spells: 6/11 levels left

rFire    . . .     SeeInvis +   l - staff of conjuration
rCold    . . .     Faith    .   c - +0 buckler
rNeg     . . .     Spirit   .   a - +0 robe
rPois    +         Reflect  .   e - +0 helmet
rElec    .         Harm     .   (no cloak)
rCorr    .         Rampage  .   (no gloves)
Will     +....                  (no barding)
Stlth    +++.......             j - amulet of magic regeneration
HPRegen  0.20/turn              i - +6 ring of intelligence
MPRegen  0.37/turn              (no ring)

@: short of breath, very slightly contaminated, very slow
A: AC +2, large, see invisible, deformed body, poison resistance, slowness 2,
spit poison 1, naga tail 1
a: Spit Poison


You were on level 4 of the Dungeon.
You visited 1 branch of the dungeon, and saw 5 of its levels.

You collected 165 gold pieces.

Inventory:

Hand Weapons
 f - a +3 dagger of venom
 g - a +1 dagger of draining
Missiles
 d - 11 poisoned darts
Armour
 a - a +0 robe (worn)
 c - a +0 buckler (worn)
 e - a +0 helmet (worn)
 m - a +2 robe
 p - a scarf of invisibility
Magical Staves
 l - a staff of conjuration (weapon)
 o - a staff of cold
Jewellery
 h - a ring of resist corrosion
 i - a +6 ring of intelligence (left hand)
 j - an amulet of magic regeneration (around neck)
Scrolls
 b - 2 scrolls of identify
Potions
 n - a potion of flight


   Skills:
 - Level 1.0 Fighting
 - Level 1.5 Dodging
 + Level 5.4 Stealth
 - Level 2.5 Shields
 + Level 4.0 Unarmed Combat
 - Level 2.0 Spellcasting
 * Level 6.2 Transmutations
 - Level 6.0 Poison Magic


You had 6 spell levels left.
You knew the following spells:

 Your Spells              Type           Power      Damage    Failure   Level
a - Beastly Appendage     Tmut           56%        N/A       1%          1
b - Spider Form           Tmut/Pois      13%        N/A       3%          3
c - Foxfire               Conj/Fire      12%        2x1d4     14%         1

Your spell library contained the following spells:

 Spells                   Type           Power      Damage    Failure   Level
 Wereblood                Tmut           28%        N/A       1%          2
 Passwall                 Tmut/Erth      12%        N/A       6%          2
 Freeze                   Ice            8%         1d3       14%         1
 Slow                     Hex            2%         N/A       22%         2
 Sublimation of Blood     Necr           1%         N/A       22%         2
 Ice Form                 Ice/Tmut       15%        N/A       38%         4
 Confusing Touch          Hex            2%         N/A       41%         3
 Conjure Flame            Conj/Fire      3%         6-21      41%         3
 Frozen Ramparts          Ice            4%         1d2       41%         3
 Inner Flame              Hex/Fire       2%         N/A       41%         3
 Stone Arrow              Conj/Erth      6%         3d7       41%         3
 Swiftness                Air            2%         N/A       41%         3
 Vampiric Draining        Necr           1%         2d6       41%         3
 Animate Armour           Summ/Erth      4%         N/A       82%         4
 Hailstorm                Conj/Ice       3%         3d3       82%         4
 Invisibility             Hex            1%         N/A       100%        6
 Summon Hydra             Summ           1%         N/A       100%        7
 Lehudib's Crystal Spear  Conj/Erth      1%         10d2      100%        8


Dungeon Overview and Level Annotations

Branches:
Dungeon (5/15)
 Temple: D:4-7

Altars:
Hepliaklqana
Ru
The Shining One

Annotations:
D:1 1 runed translucent door
D:2 1 exclusion, Sigmund
D:3 Edmund, Grinder
D:5 Dowan, Duvessa


Innate Abilities, Weirdness & Mutations

Your serpentine skin is tough. (AC +2)
You have supernaturally acute eyesight. (SInv)
Armour fits poorly on your strangely shaped body.
Your system is resistant to poisons. (rPois)
You cover ground very slowly.
You can spit poison.
You have a snake-like lower body.


Message History

The phantom is severely damaged.
The foxfire hits the phantom but does no damage.
The phantom is severely damaged.
The phantom barely misses you. You block the phantom's attack.
Casting: Foxfire (safe; 14% risk of failure)
Confirm with . or Enter, or press ? or * to list all spells.
You feel a surge of power!
You conjure some foxfire!
The phantom hits you!
* * * LOW HITPOINT WARNING * * *
The phantom blinks!
You blink.
Casting: Foxfire (safe; 14% risk of failure)
Confirm with . or Enter, or press ? or * to list all spells.
You don't have enough magic to cast this spell.
Casting: Foxfire (safe; 14% risk of failure)
Confirm with . or Enter, or press ? or * to list all spells.
You don't have enough magic to cast this spell.
Casting: Foxfire (safe; 14% risk of failure)
Confirm with . or Enter, or press ? or * to list all spells.
You don't have enough magic to cast this spell.
Unknown command.
Okay, then.
You completely miss the phantom.
The phantom is severely damaged.
The phantom hits you.
* * * LOW HITPOINT WARNING * * *
The foxfire hits the phantom but does no damage.
The phantom is severely damaged.
The foxfire hits the phantom.
The phantom is severely damaged.
Press: ? - help, Shift-Dir - straight line, f - phantom
Aim: a phantom (severely damaged)
The splash of poison hits the phantom.
The phantom completely resists.
The phantom is severely damaged.
The phantom hits you!
* * * LOW HITPOINT WARNING * * *
The phantom blinks!
You blink.
Okay, then.
You barely miss the phantom.
The phantom is severely damaged.
The phantom hits you.
You die...

....#.........###................
..#........#...#.................
..§§...##.###..........##.)......
..§..)###.###..##......#......##.
#.v.§<.....##.###.......#........
...###..........##.#....#.....##.
...# ##.........####.............
...## #...............#.#.......#
.#..###.........@.....#.#....†#.#
.##.............W...#.......)####
......#.............#.....#.##
..............#...........#..####
.###.........##.§##...........#†.
##...#.........§.................
.....##......§............##....#
...........§§.......#......######
##...#...§.§§.......###)....#


You could see a phantom.

Vanquished Creatures
  Menkaure (D:4)
  A necrophage (D:4)
  2 black bears
  3 ogres (D:4)
  Blork the orc (D:4)
  A jelly (D:5)
  2 hounds
  Jessica (D:2)
  Natasha (thrice) (D:3)
  Robin (D:2)
  3 gnolls (D:3)
  7 adders
  3 dart slugs
  6 orcs
  5 bats
  7 endoplasms
  4 giant cockroaches
  15 goblins
  4 hobgoblins
  3 kobolds
  5 quokkas
  5 ball pythons
  5 frilled lizards
  2 rats
90 creatures vanquished.

Vanquished Creatures (others)
  35 foxfires (D:4)
  A plant (D:1)
36 creatures vanquished.

Grand Total: 126 creatures vanquished

Notes
Turn   | Place    | Note
-------+----------+-------------------------------------------
     0 | D:1      | Malachi the Naga Transmuter began the quest for the Orb.
     0 | D:1      | Reached XP level 1. HP: 18/18 MP: 3/3
     1 | D:1      | Found a runed translucent door.
   111 | D:1      | Reached skill level 1 in Poison Magic
   207 | D:1      | Reached XP level 2. HP: 25/25 MP: 3/5
   627 | D:1      | Found a faded altar of an unknown god.
  1058 | D:2      | Noticed Robin
  1460 | D:1      | Reached XP level 3. HP: 16/31 MP: 4/6
  2091 | D:2      | Killed Robin
  2259 | D:2      | Noticed Jessica
  2262 | D:2      | Killed Jessica
  2263 | D:2      | Reached skill level 1 in Shields
  2263 | D:2      | Reached XP level 4. HP: 38/38 MP: 7/7
  2565 | D:2      | Found a sacrificial altar of Ru.
  3100 | D:2      | Noticed Sigmund
  3655 | D:3      | Learned a level 3 spell: Spider Form
  3713 | D:3      | Reached XP level 5. HP: 44/44 MP: 8/8
  3838 | D:3      | Found a glowing golden altar of the Shining One.
  4078 | D:3      | Noticed Natasha
  4084 | D:3      | Killed Natasha
  4085 | D:3      | Reached skill level 1 in Stealth
  4434 | D:3      | Noticed Grinder
  4546 | D:3      | Noticed Natasha
  4549 | D:3      | Killed Natasha
  4631 | D:3      | Noticed Natasha
  4639 | D:3      | Killed Natasha
  4640 | D:3      | Reached XP level 6. HP: 50/51 MP: 9/9
  4948 | D:4      | Noticed Edmund
  4948 | D:4      | Noticed a black bear
  4948 | D:4      | Noticed a black bear
  4948 | D:4      | Noticed a necrophage
  5040 | D:3      | HP: 2/51 [Edmund (6)]
  5430 | D:4      | Noticed Blork the orc
  5583 | D:3      | Killed a black bear
  5846 | D:4      | Killed Blork the orc
  5847 | D:4      | Reached skill level 5 in Poison Magic
  5888 | D:4      | Killed a black bear
  5889 | D:4      | Reached XP level 7. HP: 22/57 MP: 4/10
  5971 | D:4      | Noticed Menkaure
  6398 | D:4      | Reached skill level 5 in Transmutations
  6512 | D:4      | Reached XP level 8. HP: 48/64 MP: 7/11
  6628 | D:4      | Found a hazy altar of Hepliaklqana.
  6886 | D:5      | Entered Level 5 of the Dungeon
  7008 | D:5      | HP: 3/64 [poisoned by an adder]
  7045 | D:4      | HP: 3/64 [adder (2)]
  7047 | D:4      | Reached skill level 5 in Stealth
  7359 | D:4      | Learned a level 1 spell: Foxfire
  7381 | D:4      | Killed Menkaure
  7766 | D:5      | Noticed Duvessa
  7766 | D:5      | Noticed Dowan
  7822 | D:4      | HP: 1/64 [phantom (8)]
  7823 | D:4      | Slain by a phantom

Illustrated notes

Levels and vault maps discovered:
D:1:      dpeg_arrival_caged_fury, layout_loops_ring,
          ebering_ecumenical_altar_webs, serial_forest,
          infiniplex_forest_clump_double, infiniplex_forest_lined_3,
          infiniplex_forest_clump_medium, infiniplex_forest_straight_4,
          infiniplex_forest_clump_small, infiniplex_forest_corner_2,
          hangedman_feature_mirror
D:2:      layout_basic, basic_altar, uniq_jessica, uniq_sigmund, uniq_robin
D:3:      layout_loops_cross, nicolae_tso_swordbearing_angel, uniq_natasha,
          uniq_grinder
D:4:      layout_cave_pools, lemuel_doored_altar, uniq_blork_the_orc,
          uniq_edmund, uniq_menkaure
D:5:      layout_loops_cross, uniq_duvessa

Skill      XL: |  1  2  3  4  5  6  7  8 |
---------------+-------------------------+-----
Poison Magic   | 1 2 3 4 5 6 |  6.0
Shields        | 1 2 |  2.5
Transmutations | 3 4 5 6 |  6.2
Stealth        | 1 3 4 5 |  5.4
Unarmed Combat | 4 |  4.0
Fighting       | |  1.0
Dodging        | |  1.5
Spellcasting   | |  2.0

Action                   |  1- 3 |  4- 6 |  7- 9 || total
-------------------------+-------+-------+-------++-------
Melee: Unarmed           |    34 |    24 |    47 ||   105
       Headbutt          |     6 |     3 |       ||     9
       Dagger            |       |   103 |    12 ||   115
       Staff             |       |       |     2 ||     2
 Cast: Beastly Appendage |     9 |     2 |       ||    11
       Spider Form       |       |     7 |     8 ||    15
       Foxfire           |       |       |    21 ||    21
 Abil: Spit Poison       |    27 |    26 |     7 ||    60
  Use: Scroll            |       |     3 |     3 ||     6
       Potion            |       |     2 |     1 ||     3
 Stab: Sleeping          |       |     2 |     1 ||     3
Armor: Robe              |    14 |    22 |     5 ||    41
       Skin              |       |     2 |     4 ||     6
Dodge: Dodged            |    27 |    80 |    70 ||   177
Block: Buckler           |     7 |    26 |     7 ||    40
